 Dungeon Crawl Stone Soup version 0.32-a0-422-g28b100f618 (webtiles) character file.

Game seed: 2156418805927203992

200 Alarak the Magician (level 5, -2/28 HPs)
             Began as a Deep Elf Fire Elementalist on Feb 21, 2024.
             Slain by Duvessa
             ... wielding a +0 short sword
              (9 damage)
             ... on level 4 of the Dungeon.
             The game lasted 00:07:03 (3250 turns).

Alarak the Magician (Deep Elf Fire Elementalist)    Turns: 3250, Time: 00:07:03

Health: -2/28      AC:  2    Str:  5    XL:     5   Next: 48%
Magic:  7/17       EV: 12    Int: 22    God:
Gold:   144        SH:  0    Dex: 15    Spells: 13/19 levels left

rFire   . . .        m - +2 whip (elec)
rCold   . . .        (no shield)
rNeg    . . .        a - +0 robe
rPois   .            (no helmet)
rElec   .            (no cloak)
rCorr   .            (no gloves)
SInv    .            (no boots)
Will    .....        (no amulet)
Stlth   ++           l - ring of wizardry
HPRegen 0.24/turn    (no ring)
MPRegen 0.15/turn

%: wizardry (x1)
@: no status effects
A: no striking features
a: no special abilities


You were on level 4 of the Dungeon.
You visited 1 branch of the dungeon, and saw 4 of its levels.

You collected 144 gold pieces.

Inventory:

Hand Weapons
 m - a +2 whip of electrocution (weapon)
Armour
 a - a +0 robe (worn)
Jewellery
 l - a ring of wizardry (left hand)
Wands
 p - a wand of flame (22)
Scrolls
 e - 4 scrolls of identify {unknown}
 f - 2 scrolls of fog {unknown}
 k - 2 scrolls of blinking {unknown}
 o - a scroll of poison {unknown}
 s - a scroll of teleportation {unknown}
 t - a scroll of enchant weapon {unknown}
Potions
 b - a potion of magic
 c - a potion of mutation {unknown}
 d - 3 potions of heal wounds {unknown}
 g - 2 potions of might {unknown}
 h - a potion of brilliance {unknown}
 i - 4 potions of curing {unknown}
 j - a potion of ambrosia {unknown}
 n - a potion of berserk rage {unknown}
 q - 3 potions of lignification {unknown}
 r - a potion of invisibility {unknown}


   Skills:
 - Level 2.4 Dodging
 - Level 2.4 Stealth
 + Level 7.8 Spellcasting
 - Level 1.1 Conjurations
 - Level 3.2 Fire Magic


You had 13 spell levels left.
You knew the following spells:

 Your Spells              Type           Power      Damage    Failure   Level
a - Foxfire               Conj/Fire      72%        2x1d7     1%          1
b - Scorch                Fire           46%        2d6       1%          2
c - Inner Flame           Hex/Fire       15%        N/A       4%          3

Your spell library contained the following spells:

 Spells                   Type           Power      Damage    Failure   Level
 Kiss of Death            Conj/Necr      44%        2d8       2%          1
 Mercury Vapours          Alch/Air       16%        N/A       4%          2
 Volatile Blastmotes      Fire/Tloc      30%        2d12      4%          3
 Confusing Touch          Hex            8%         N/A       9%          3
 Mephitic Cloud           Conj/Alch/Air  10%        N/A       9%          3
 Flame Wave               Conj/Fire      18%        2d7       12%         4
 Dispel Undead            Necr           8%         3d8       28%         4
 Freezing Cloud           Conj/Ice/Air   5%         6-21      56%         5


Dungeon Overview and Level Annotations

Branches:
Dungeon (4/15)
 Temple: D:4-7

Altars:
Gozag

Annotations:
D:4 Duvessa


Message History

You hear a shout!
Things that are here:
a +0 short sword; a kobold corpse HP restored.
There is a stone staircase leading up here.
You start resting.
Magic restored.
Things that are here:
a +0 short sword; a kobold corpse Duvessa shouts!
Duvessa goes berserk!
Casting: Scorch (safe; 1% risk of failure)
Confirm with . or Enter, or press ? or * to list all spells.
Flames lash Duvessa.
Duvessa is lightly wounded.
Duvessa's fire resistance burns away.
Duvessa barely misses you. Duvessa hits you with a +0 short sword!
Casting: Scorch (safe; 1% risk of failure)
Confirm with . or Enter, or press ? or * to list all spells.
Flames lash Duvessa.
Duvessa is burned terribly!
Duvessa is lightly wounded.
Duvessa hits you with a +0 short sword.
Casting: Scorch (safe; 1% risk of failure)
Confirm with . or Enter, or press ? or * to list all spells.
Flames lash Duvessa.
Duvessa is burned terribly!
Duvessa is moderately wounded.
Duvessa hits you with a +0 short sword!
* * * LOW HITPOINT WARNING * * *
Duvessa closely misses you.
Casting: Scorch (safe; 1% risk of failure)
Confirm with . or Enter, or press ? or * to list all spells.
Flames lash Duvessa.
Duvessa is burned terribly!
Duvessa is heavily wounded.
Duvessa misses you.
Casting: Scorch (safe; 1% risk of failure)
Confirm with . or Enter, or press ? or * to list all spells.
Flames lash Duvessa.
Duvessa is burned terribly!
Duvessa is severely wounded.
Duvessa hits you with a +0 short sword!
You die...

### #..
#.#########
#..e......e
#.@########
#..####....
#.......#
##.#########
#.# #.....#
#.# #.###.#
#)# #.#<..#
#.###.#######
#............


You could see Duvessa (berserk, combustible).

Vanquished Creatures
  Dowan (D:4)
  2 adders (D:3)
  4 gnolls (D:3)
  A ribbon worm (D:2)
  3 orcs (D:3)
  5 ball pythons
  7 endoplasms
  A giant cockroach (D:3)
  3 hobgoblins
  6 jackals
  2 quokkas
  3 bats
  5 frilled lizards
  6 kobolds
  6 rats
55 creatures vanquished.

Vanquished Creatures (collateral kills)
  2 foxfires (D:3)
2 creatures vanquished.

Vanquished Creatures (others)
  146 foxfires
146 creatures vanquished.

Grand Total: 203 creatures vanquished

Notes
Turn   | Place    | Note
-------+----------+-------------------------------------------
     0 | D:1      | Alarak the Deep Elf Fire Elementalist began the quest for
                  | the Orb.
     0 | D:1      | Reached XP level 1. HP: 10/10 MP: 6/6
   114 | D:1      | You fall into a shaft and drop 1 floor!
   175 | D:2      | Reached skill level 4 in Spellcasting
   175 | D:2      | Reached XP level 2. HP: 15/15 MP: 6/9
   178 | D:2      | Learned a level 2 spell: Scorch
   552 | D:1      | Reached XP level 3. HP: 19/19 MP: 8/11
   640 | D:1      | Reached skill level 5 in Spellcasting
  1202 | D:1      | Learned a level 3 spell: Inner Flame
  1940 | D:3      | Reached XP level 4. HP: 6/24 MP: 5/13
  1943 | D:3      | Reached skill level 6 in Spellcasting
  2372 | D:3      | Found an opulent altar of Gozag.
  2511 | D:3      | Reached skill level 7 in Spellcasting
  2638 | D:3      | Reached XP level 5. HP: 28/28 MP: 11/16
  3119 | D:4      | Noticed Dowan
  3121 | D:4      | Noticed Duvessa
  3128 | D:4      | Killed Dowan
  3250 | D:4      | Slain by Duvessa

Illustrated notes

Levels and vault maps discovered:
D:1:      minmay_arrival_cross, layout_basic, minmay_cut_off
D:2:      layout_loops_ring
D:3:      layout_basic, grunt_gozag_statues, minmay_misc_feat_four_crosses,
          serial_park_tiny_2, st_stairs_6
D:4:      layout_basic, lemuel_crystal_altar,
          minmay_temple_entry_statues_fountains, hangedman_decor_riveting,
          uniq_duvessa

Skill      XL: |  1  2  3  4 |
---------------+-------------+-----
Spellcasting   | 4 5 7 |  7.8
Dodging        | |  2.4
Stealth        | |  2.4
Conjurations   | |  1.1
Fire Magic     | |  3.2

Action                     |  1- 3 |  4- 6 || total
---------------------------+-------+-------++-------
  Melee: Unarmed           |     7 |       ||     7
   Cast: Foxfire           |    62 |    22 ||    84
         Scorch            |    12 |    19 ||    31
         Inner Flame       |     2 |     5 ||     7
 Armour: Robe              |    10 |     5 ||    15
  Dodge: Dodged            |    14 |     6 ||    20

Table legend: (Time is in decaauts)
 A = Elapsed time spent in this place.
 B = Non-inter-level travel time spent in this place.
 C = Inter-level travel time spent in this place.
 D = Time resting spent in this place.
 E = Time spent auto-exploring this place.
 F = Levels seen in this place.
 G = Mean time per level.
                   A        B        C        D        E       F      G
               +--------+--------+--------+--------+--------+-----+--------+
         Total |   3247 |   3127 |    120 |    444 |   2380 |   4 |  811.8 |
       Dungeon |   3247 |   3127 |    120 |    444 |   2380 |   4 |  811.8 |
               +--------+--------+--------+--------+--------+-----+--------+

Top non-repeatable levels by time:
     D:3: 1142 daAuts
     D:1: 1014 daAuts
     D:2: 907 daAuts
     D:4: 182 daAuts
